 Dungeon Crawl Stone Soup version 0.26-a0-737-g4e9f4955e2 (webtiles) character file.

Game seed: 10311347050028957447

2188 Decritt the Cudgeler (level 9, -7/56 HPs)
             Began as a Gargoyle Fighter on Nov 4, 2020.
             Was an Initiate of Okawaru.
             Mangled by a two-headed ogre
             ... wielding a +0 giant club
              (11 damage)
             ... on level 8 of the Dungeon.
             The game lasted 00:21:55 (9444 turns).

Decritt the Cudgeler (Gargoyle Fighter)             Turns: 9444, Time: 00:21:56

Health: -7/56      AC: 18    Str: 23    XL:     9   Next: 33%
Magic:  10/10      EV:  8    Int:  9    God:    Okawaru [......]
Gold:   522        SH: 10    Dex:  9    Spells: 8/8 levels left

rFire    + . .     SeeInvis .   B - +0 flail (drain)
rCold    x . .     Faith    .   c - +0 kite shield
rNeg     + . .     Spirit   .   o - +0 ring mail (curse)
rPois    ∞         Reflect  .   s - +2 helmet
rElec    +         Harm     .   C - +0 cloak
rCorr    .         Rampage  .   g - +0 pair of gloves
MR       .....     Rnd*Tele +   (no boots)
Stlth    ..........             G - amulet of the acrobat
HPRegen  0.18/turn              x - ring of fire
MPRegen  0.12/turn              b - ring of teleportation (curse)

@: no status effects
A: negative energy resistance 1, electricity resistance, unbreathing,
petrification resistance, rot immunity, AC +6
a: Renounce Religion


You were on level 8 of the Dungeon.
You worshipped Okawaru.
Okawaru was noncommittal.
You visited 2 branches of the dungeon, and saw 9 of its levels.

You collected 522 gold pieces.

Inventory:

Hand Weapons
 a - a +1 flail
 B - a +0 flail of draining (weapon)
Missiles
 i - 14 poisoned darts (quivered)
Armour
 c - a +0 kite shield (worn)
 g - a +0 pair of gloves (worn)
 h - a scarf of shadows
 l - a +0 plate armour
 o - a cursed +0 ring mail (worn)
 s - a +2 helmet (worn)
 C - a +0 cloak (worn)
Jewellery
 b - a cursed ring of teleportation (right hand)
 m - an uncursed ring of magical power
 x - a ring of fire (left hand)
 G - an amulet of the acrobat (around neck)
Wands
 v - a wand of polymorph (7)
 A - a wand of iceblast (5)
 E - a wand of flame (19)
 F - a wand of disintegration (16)
Scrolls
 f - a scroll of noise
 q - a scroll of enchant armour
 r - 4 scrolls of identify
 u - a scroll of vulnerability
 y - 3 scrolls of teleportation
Potions
 d - 2 potions of might
 e - 9 potions of curing
 j - 4 potions of heal wounds
 k - 2 potions of lignification
 n - 4 potions of flight
 p - a potion of mutation {unknown}
 t - 2 potions of berserk rage
 w - 2 potions of cancellation
 z - a potion of stabbing
 D - 2 potions of resistance


   Skills:
 + Level 6.5 Fighting
 * Level 7.7 Maces & Flails
 + Level 7.2 Armour
 + Level 6.5 Shields
 + Level 1.8 Invocations


You had 8 spell levels left.
You didn't know any spells.
Your spell library was empty.

Dungeon Overview and Level Annotations

Branches:
Dungeon (8/15)             Temple (1/1) D:7
   Lair: D:8-11

Altars:
Ashenzari
Cheibriados
Dithmenos
Elyvilon
Fedhas
Gozag
Hepliaklqana
Kikubaaqudgha
Makhleb
Nemelex Xobeh
Okawaru
Qazlal
Ru
Sif Muna
Trog
Uskayaw
Vehumet
Wu Jian
Xom
Yredelemnul

Shops:
D:4 (


Innate Abilities, Weirdness & Mutations

You are resistant to torment.
Your stone body is resilient. (AC +6)
You are immune to poison.
You resist negative energy. (rN+)
You are resistant to electric shocks. (rElec)
You can survive without breathing.
You are immune to petrification.
You are immune to rotting.


Message History

You block the two-headed ogre's attack.
The two-headed ogre hits you but does no damage.
You barely miss the two-headed ogre.
The two-headed ogre is heavily wounded.
The two-headed ogre hits you with a +0 giant club!
The two-headed ogre hits you but does no damage.
You closely miss the two-headed ogre.
The two-headed ogre is heavily wounded.
You block the two-headed ogre's attack.
The two-headed ogre hits you with a +0 dire flail!
* * * LOW HITPOINT WARNING * * *
You sock the two-headed ogre!
The two-headed ogre is severely wounded.
The two-headed ogre hits you with a +0 giant club!!
* * * LOW HITPOINT WARNING * * *
You block the two-headed ogre's attack.
You hit the two-headed ogre.
The two-headed ogre is severely wounded.
The two-headed ogre hits you with a +0 giant club!
You die...

. ≈ .. ≈≈ ....
≈≈. ....
.≈.≈############
..#.
...............!
..............#
......O@........
...............#
####...........#
#..........!#
#......$...#.#
#..........# #
#.#.##.#####
#.#. .# #...


You could see a two-headed ogre (drained).

Vanquished Creatures
  Prince Ribbit (D:7)
  An orc warrior (D:6)
  A phantom (D:7)
  2 ice beasts
  2 centaurs (D:8)
  3 bullfrogs
  A wyvern zombie (D:6)
  A scorpion (D:5)
  3 wights
  A howler monkey (D:5)
  2 centaur zombies (D:6)
  A bullfrog zombie (D:4)
  A hound (D:4)
  A bullfrog skeleton (D:5)
  Crazy Yiuf (D:6)
  4 orc priests
  A jelly (D:6)
  Natasha (thrice) (D:4)
  6 orc wizards
  5 worker ants
  A killer bee zombie (D:4)
  A howler monkey zombie (D:7)
  11 adders
  2 white imps
  2 ufetubi
  An adder zombie (D:8)
  A worm (D:3)
  3 dart slugs
  9 leopard geckos
  16 orcs
  2 bats (D:2)
  6 giant cockroaches
  6 goblins
  10 hobgoblins
  13 jackals
  3 quokkas
  3 ball pythons
  3 frilled lizards
  8 kobolds
  3 leopard gecko skeletons
  A quokka skeleton (D:5)
  7 rats
153 creatures vanquished.

Vanquished Creatures (others)
  2 plants (D:5)
2 creatures vanquished.

Grand Total: 155 creatures vanquished

Notes
Turn   | Place    | Note
-------+----------+-------------------------------------------
     0 | D:1      | Decritt the Gargoyle Fighter began the quest for the Orb.
     0 | D:1      | Reached XP level 1. HP: 14/14 MP: 1/1
    66 | D:2      | Found a faded altar of an unknown god.
   167 | D:2      | Reached XP level 2. HP: 10/19 MP: 2/2
   677 | D:1      | Reached XP level 3. HP: 23/23 MP: 3/3
  1619 | D:2      | Reached XP level 4. HP: 28/28 MP: 4/4
  1826 | D:2      | Reached XP level 5. HP: 13/33 MP: 5/5
  2920 | D:4      | Noticed Natasha
  2927 | D:4      | Reached skill level 5 in Armour
  2927 | D:4      | Reached XP level 6. HP: 31/38 MP: 6/6
  2932 | D:4      | Killed Natasha
  3275 | D:4      | Noticed Natasha
  3289 | D:4      | Killed Natasha
  3485 | D:4      | Reached XP level 7. HP: 43/44 MP: 7/7
  3923 | D:4      | Found Lagorch's Weapon Shop.
  4083 | D:4      | Noticed Natasha
  4092 | D:4      | Killed Natasha
  4328 | D:5      | Entered Level 5 of the Dungeon
  4377 | D:5      | Found a blossoming altar of Fedhas.
  4381 | D:5      | Found a bloodstained altar of Trog.
  4461 | D:5      | Reached skill level 5 in Maces & Flails
  4693 | D:5      | Reached skill level 5 in Fighting
  4693 | D:5      | Reached skill level 5 in Shields
  5360 | D:5      | Reached XP level 8. HP: 23/49 MP: 8/8
  7564 | D:6      | Found a shadowy altar of Dithmenos.
  7777 | D:6      | Found a basalt altar of Yredelemnul.
  7890 | D:6      | Found a runed translucent door.
  7891 | D:6      | Noticed Crazy Yiuf
  7898 | D:6      | Killed Crazy Yiuf
  8270 | D:7      | Found a staircase to the Ecumenical Temple.
  8305 | Temple   | Entered the Ecumenical Temple
  8545 | D:7      | Found an iron altar of Okawaru.
  8598 | D:7      | Became a worshipper of Warmaster Okawaru
  8705 | D:7      | Noticed Prince Ribbit
  8738 | D:7      | Reached XP level 9. HP: 37/55 MP: 9/9
  8896 | D:7      | Killed Prince Ribbit
  8896 | D:7      | Reached skill level 1 in Invocations
  9132 | D:8      | Found a radiant altar of Vehumet.
  9435 | D:8      | Noticed a two-headed ogre
  9444 | D:8      | Mangled by a two-headed ogre

Illustrated notes

Levels and vault maps discovered:
D:1:      moated_graveyard_arrival, layout_basic
D:2:      layout_rooms, chequers_ecumenical_altar_simple
D:3:      layout_basic, minivault_5, kennysheep_generic_room_8
D:4:      layout_gridville, serial_shops, shop, uniq_natasha
D:5:      layout_gridville, minitemple, abandoned_shop, hangedman_decor_points,
          chequers_serial_rivers_micro_d, guppyfry_early_lair_pool
D:6:      layout_rooms, old_standard_altar, overflow_temple_1_default,
          uniq_crazy_yiuf_cottage
D:7:      layout_rooms, kennysheep_little_box, minmay_temple_entry_antechambers,
          uniq_prince_ribbit1
D:8:      layout_basic, lemuel_crystal_altar, nicolae_overflow_crystal_walls,
          serial_shops, nicolae_shop_waterfront, gammafunk_ghost_mausoleum,
          solitary_fountain
Temple:   eino_narrow_crystal_temple

Skill      XL: |  1  2  3  4  5  6  7  8  9 |
---------------+----------------------------+-----
Armour         | 4 5 6 7 |  7.2
Maces & Flails | 3 4 5 7 |  7.7
Fighting       | 4 5 6 |  6.5
Shields        | 4 5 6 |  6.5
Invocations    | 1 |  1.8

Action                   |  1- 3 |  4- 6 |  7- 9 || total
-------------------------+-------+-------+-------++-------
Melee: Flail             |   166 |   123 |   396 ||   685
       Unarmed           |       |       |     1 ||     1
Throw: Dart              |       |    10 |   151 ||   161
  Use: Scroll            |       |     5 |    13 ||    18
       Potion            |       |       |     2 ||     2
Armor: Scale mail        |   124 |       |       ||   124
       Ring mail         |     4 |    54 |   207 ||   265
       Skin              |       |       |    15 ||    15
Dodge: Dodged            |    77 |    46 |   132 ||   255
Block: Kite shield       |   125 |    65 |   208 ||   398

Table legend: (Time is in decaauts)
 A = Elapsed time spent in this place.
 B = Non-inter-level travel time spent in this place.
 C = Inter-level travel time spent in this place.
 D = Time resting spent in this place.
 E = Time spent auto-exploring this place.
 F = Levels seen in this place.
 G = Mean time per level.
                   A        B        C        D        E       F      G
               +--------+--------+--------+--------+--------+-----+--------+
         Total |   9628 |   9448 |    180 |   2409 |   5178 |   9 | 1069.8 |
       Dungeon |   9453 |   9285 |    168 |   2409 |   5017 |   8 | 1181.6 |
        Temple |    174 |    162 |     12 |      0 |    161 |   1 |  174.0 |
               +--------+--------+--------+--------+--------+-----+--------+

Top non-repeatable levels by time:
     D:5: 2809 daAuts
     D:4: 1480 daAuts
     D:6: 1172 daAuts
     D:2: 1164 daAuts
     D:3: 937 daAuts
     D:1: 857 daAuts
     D:7: 700 daAuts
     D:8: 330 daAuts
  Temple: 174 daAuts
